TOP OF THE 1ST |
Mississippi Braves batting - Pitching for Springfield Cardinals : RHP Danny Cook
|
Pitching: RHP Danny Cook
|
|
Batting: RHB Luis Restrepo
|
0-0: Ground out U3 (Groundball, 13, EV 83.1 MPH)
|
Batting: RHB Zheng-ze King
|
0-0: Ball 1-0: Ball 2-0: Foul Ball, location: 2F 2-1: Ball 3-1: Foul Ball, location: 2F 3-2: Ground out 5-3 (Groundball, 25, EV 66.9 MPH)
|
Batting: LHB Art D'Ascenzo
|
0-0: Ball 1-0: Ball 2-0: Ball 3-0: Base on Balls
|
Batting: RHB Tim Molchan
|
0-0: Ball 1-0: Called Strike 1-1: Foul Ball, location: 2F 1-2: Strikes out looking
|
Top of the 1st over - 0 runs, 0 hits, 0 errors, 1 left on base; Mississippi 0 - Springfield 0 |
BOTTOM OF THE 1ST |
Springfield Cardinals batting - Pitching for Mississippi Braves : RHP Ryan DeMille
|
Pitching: RHP Ryan DeMille
|
|
Batting: RHB Joe LaDue
|
0-0: Called Strike 0-1: Ball 1-1: Foul Ball, location: 2F 1-2: Ball 2-2: Ball 3-2: Foul Ball, location: 2F 3-2: Foul Ball, location: 2F 3-2: Foul Ball, location: 2F 3-2: Strikes out looking
|
Batting: RHB Dan Boykins
|
0-0: Foul Ball, location: 2F 0-1: Called Strike 0-2: Strikes out looking
|
Batting: LHB Ronnie Ashley
|
0-0: Foul Ball, location: 2F 0-1: Fly out, F8 (Flyball, 8RS, EV 93.8 MPH)
|
Bottom of the 1st over - 0 runs, 0 hits, 0 errors, 0 left on base; Mississippi 0 - Springfield 0 |
TOP OF THE 2ND |
Mississippi Braves batting - Pitching for Springfield Cardinals : RHP Danny Cook
|
Batting: LHB Sal Fernandez
|
0-0: Ball 1-0: Swinging Strike 1-1: Swinging Strike 1-2: Foul Ball, location: 2F 1-2: Strikes out swinging, 2-3 out at first.
|
Batting: RHB Yojiro Hayashi
|
0-0: Ball 1-0: Foul Ball, location: 2F 1-1: Fly out, F7 (Flyball, 7, EV 86.2 MPH)
|
Batting: RHB Hieronim Rutkowski
|
0-0: Called Strike 0-1: Ball 1-1: Foul Ball, location: 2F 1-2: Ball 2-2: Foul Ball, location: 2F 2-2: Strikes out swinging
|
Top of the 2nd over - 0 runs, 0 hits, 0 errors, 0 left on base; Mississippi 0 - Springfield 0 |
BOTTOM OF THE 2ND |
Springfield Cardinals batting - Pitching for Mississippi Braves : RHP Ryan DeMille
|
Batting: LHB Dana McDonald
|
0-0: Foul Ball, location: 2F 0-1: Ground out U3 (Groundball, 3S, EV 69.4 MPH)
|
Batting: RHB Tyler Walker
|
0-0: Ball 1-0: Foul Ball, location: 2F 1-1: Ball 2-1: Swinging Strike 2-2: Foul Ball, location: 2F 2-2: Foul Ball, location: 2F 2-2: Ball 3-2: Base on Balls
|
Batting: RHB Tommy Boudreaux
|
0-0: Ball 1-0: Ball 2-0: Called Strike 2-1: Called Strike 2-2: Ball 3-2: SINGLE (Groundball, 5D, EV 98.1 MPH) Tyler Walker to second Tyler Walker to third
|
Batting: RHB Fortunato Fteira
|
0-0: Ball 1-0: Foul Ball, location: 2F 1-1: Ball 2-1: Foul Ball, location: 2F 2-2: Ball 3-2: Strikes out swinging
|
Batting: RHB Dave Cluster
|
0-0: Called Strike 0-1: Foul Ball, location: 2F 0-2: Ball 1-2: Ball 2-2: Fielders Choice at 2nd, 6-4 (Groundball, 6, EV 98.8 MPH)
|
Bottom of the 2nd over - 0 runs, 1 hit, 0 errors, 2 left on base; Mississippi 0 - Springfield 0 |
TOP OF THE 3RD |
Mississippi Braves batting - Pitching for Springfield Cardinals : RHP Danny Cook
|
Batting: RHB Jose Ramos
|
0-0: Called Strike 0-1: Ball 1-1: Ball 2-1: Fly out, F3 (Popup, 3SF, EV 63.1 MPH)
|
Batting: RHB Jordan Martin
|
0-0: Foul Ball, location: 2F 0-1: Foul Ball, location: 2F 0-2: Foul Ball, location: 2F 0-2: Strikes out looking
|
Batting: RHB Luis Restrepo
|
0-0: Fly out, F8 (Flyball, 8RXD, EV 99.4 MPH)
|
Top of the 3rd over - 0 runs, 0 hits, 0 errors, 0 left on base; Mississippi 0 - Springfield 0 |
BOTTOM OF THE 3RD |
Springfield Cardinals batting - Pitching for Mississippi Braves : RHP Ryan DeMille
|
Batting: RHB Immel Kamuzu
|
0-0: Called Strike 0-1: Called Strike 0-2: Foul Ball, location: 2F 0-2: Ball 1-2: Ball 2-2: Foul Ball, location: 2F 2-2: Strikes out looking
|
Batting: RHB Joe LaDue
|
0-0: Swinging Strike 0-1: Foul Ball, location: 2F 0-2: Ball 1-2: Foul Ball, location: 2F 1-2: DOUBLE (Line Drive, 3D, EV 96.2 MPH)
|
Batting: RHB Dan Boykins
|
0-0: Ball 1-0: SINGLE (Groundball, 34, EV 93.8 MPH) Joe LaDue to third Runner from 3rd tries for Home, SAFE, throw by RF to home Dan Boykins to second
|
Batting: LHB Ronnie Ashley
|
0-0: Called Strike 0-1: Foul Ball, location: 2F 0-2: Ball 1-2: Ball 2-2: Foul Ball, location: 2F 2-2: Foul Ball, location: 2F 2-2: Ground out 5-3 (Groundball, 5, EV 85.0 MPH)
|
Batting: LHB Dana McDonald
|
0-0: Called Strike 0-1: Ground out 4-3 (Groundball, 4, EV 80.0 MPH)
|
Bottom of the 3rd over - 1 run, 2 hits, 0 errors, 1 left on base; Mississippi 0 - Springfield 1 |
TOP OF THE 4TH |
Mississippi Braves batting - Pitching for Springfield Cardinals : RHP Danny Cook
|
Batting: RHB Zheng-ze King
|
0-0: SINGLE (Line Drive, 4D, EV 110.6 MPH)
|
Batting: LHB Art D'Ascenzo
|
0-0: Called Strike 0-1: Grounds into double play, 4-6-3 (Groundball, 4, EV 101.9 MPH)
|
Batting: RHB Tim Molchan
|
0-0: Ball 1-0: Swinging Strike 1-1: Ground out 5-3 (Groundball, 56D, EV 79.4 MPH)
|
Top of the 4th over - 0 runs, 1 hit, 0 errors, 0 left on base; Mississippi 0 - Springfield 1 |
BOTTOM OF THE 4TH |
Springfield Cardinals batting - Pitching for Mississippi Braves : RHP Ryan DeMille
|
Batting: RHB Tyler Walker
|
0-0: Called Strike 0-1: Ground out 5-3 (Groundball, 56S, EV 90.0 MPH)
|
Batting: RHB Tommy Boudreaux
|
0-0: SINGLE (Groundball, 4MD, EV 96.9 MPH)
|
Batting: RHB Fortunato Fteira
|
0-0: Fielders Choice at 2nd, 3-6 (Groundball, 3, EV 101.9 MPH)
|
Batting: RHB Dave Cluster
|
0-0: Foul Ball, location: 2F 0-1: Ball 1-1: Ball 2-1: Ground out 6-3 (Groundball, P, EV 88.1 MPH)
|
Bottom of the 4th over - 0 runs, 1 hit, 0 errors, 1 left on base; Mississippi 0 - Springfield 1 |
TOP OF THE 5TH |
Mississippi Braves batting - Pitching for Springfield Cardinals : RHP Danny Cook
|
Batting: LHB Sal Fernandez
|
0-0: Swinging Strike 0-1: Ball 1-1: Ball 2-1: Ball 3-1: Foul Ball, location: 2F 3-2: Foul Ball, location: 2F 3-2: Foul Ball, location: 2F 3-2: Fly out, F7 (Flyball, 7, EV 86.9 MPH)
|
Batting: RHB Yojiro Hayashi
|
0-0: Ball 1-0: Swinging Strike 1-1: Called Strike 1-2: Strikes out swinging
|
Batting: RHB Hieronim Rutkowski
|
0-0: Called Strike 0-1: Fly out, F7 (Line Drive, 7, EV 100.0 MPH)
|
Top of the 5th over - 0 runs, 0 hits, 0 errors, 0 left on base; Mississippi 0 - Springfield 1 |
BOTTOM OF THE 5TH |
Springfield Cardinals batting - Pitching for Mississippi Braves : RHP Ryan DeMille
|
Batting: RHB Immel Kamuzu
|
0-0: Called Strike 0-1: Ball 1-1: DOUBLE (Groundball, 5L, EV 109.4 MPH)
|
Batting: RHB Joe LaDue
|
0-0: Called Strike 0-1: SINGLE (Line Drive, 9S, EV 96.9 MPH) Immel Kamuzu to third
|
Batting: RHB Dan Boykins
|
0-0: Ball Joe LaDue is caught stealing 2nd base 2-4 1-0: Called Strike 1-1: Ball 2-1: Foul Ball, location: 2F 2-2: Strikes out swinging
|
Batting: LHB Ronnie Ashley
|
0-0: Ball 1-0: Ball 2-0: Called Strike 2-1: Ball 3-1: Foul Ball, location: 2F 3-2: Base on Balls
|
Batting: LHB Dana McDonald
|
0-0: Ball Wild Pitch! Immel Kamuzu scores Ronnie Ashley to second 1-0: Ball 2-0: Ball 3-0: Called Strike 3-1: Foul Ball, location: 2F 3-2: Strikes out swinging
|
Bottom of the 5th over - 1 run, 2 hits, 0 errors, 1 left on base; Mississippi 0 - Springfield 2 |
TOP OF THE 6TH |
Mississippi Braves batting - Pitching for Springfield Cardinals : RHP Danny Cook
|
Batting: RHB Jose Ramos
|
0-0: Ball 1-0: Called Strike 1-1: Called Strike 1-2: Ball 2-2: SINGLE (Flyball, 6D, EV 81.9 MPH)
|
Batting: RHB Jordan Martin
|
0-0: Called Strike 0-1: Ball 1-1: Ball 2-1: Foul Ball, location: 2F 2-2: Ball 3-2: SINGLE (Groundball, 34D, EV 108.1 MPH) Jose Ramos to second Runner from 2nd tries for 3rd, OUT! 9-5
|
Batting: RHB Luis Restrepo
|
0-0: Called Strike 0-1: Ball 1-1: Ball 2-1: Swinging Strike 2-2: Ball 3-2: Base on Balls Jordan Martin to second
|
Batting: RHB Zheng-ze King
|
0-0: Fielders Choice at 2nd, 5-4 (Groundball, 56, EV 99.4 MPH) Jordan Martin to third
|
Batting: LHB Art D'Ascenzo
|
0-0: Called Strike 0-1: Ball 1-1: Foul Ball, location: 2F 1-2: SINGLE (Groundball, 4M, EV 103.1 MPH) (infield hit) Jordan Martin scores Zheng-ze King to second
|
Batting: RHB Tim Molchan
|
0-0: Ball 1-0: Ball 2-0: Foul Ball, location: 2F 2-1: Ball 3-1: Base on Balls Zheng-ze King to third Art D'Ascenzo to second
|
Batting: LHB Sal Fernandez
|
0-0: Ball 1-0: Foul Ball, location: 2F 1-1: GRAND SLAM HOME RUN (Flyball, 9D, EV 98.1 MPH), Distance : 401 ft
|
Batting: RHB Yojiro Hayashi
|
0-0: Called Strike 0-1: Ball 1-1: Foul Ball, location: 2F 1-2: Foul Ball, location: 2F 1-2: Strikes out looking
|
Top of the 6th over - 5 runs, 4 hits, 0 errors, 0 left on base; Mississippi 5 - Springfield 2 |
BOTTOM OF THE 6TH |
Springfield Cardinals batting - Pitching for Mississippi Braves : RHP Ryan DeMille
|
Pitching: LHP Steve Young
|
|
Batting: RHB Tyler Walker
|
0-0: Swinging Strike 0-1: Foul Ball, location: 2F 0-2: Ball 1-2: DOUBLE (Line Drive, 89D, EV 105.6 MPH)
|
Batting: RHB Tommy Boudreaux
|
0-0: Ball 1-0: Ball 2-0: Ball 3-0: Called Strike 3-1: Base on Balls
|
Batting: RHB Fortunato Fteira
|
0-0: Called Strike 0-1: Foul Ball, location: 2F 0-2: Fielders Choice at 2nd, 1-4 (Groundball, 15S, EV 66.2 MPH) Tyler Walker to third
|
Batting: RHB Dave Cluster
|
0-0: Ball 1-0: Ball Fortunato Fteira is caught stealing 2nd base 2-4 2-0: Ball 3-0: Called Strike 3-1: Base on Balls
|
Batting: RHB Immel Kamuzu
|
0-0: Ball 1-0: Foul Ball, location: 2F 1-1: Ball 2-1: Swinging Strike 2-2: Fly out, F9 (Flyball, 9LS, EV 83.8 MPH)
|
Bottom of the 6th over - 0 runs, 1 hit, 0 errors, 2 left on base; Mississippi 5 - Springfield 2 |
TOP OF THE 7TH |
Mississippi Braves batting - Pitching for Springfield Cardinals : RHP Danny Cook
|
Batting: RHB Hieronim Rutkowski
|
0-0: SINGLE (Flyball, 6D, EV 88.1 MPH)
|
Batting: RHB Jose Ramos
|
0-0: Called Strike 0-1: Foul Ball, location: 2F 0-2: Fly out, F8 (Flyball, 8LD, EV 89.4 MPH)
|
Pitching: LHP Dan Poirier
|
|
Batting: RHB Jordan Martin
|
Pickoff Throw to First - Error! E1 Hieronim Rutkowski to second 0-0: Called Strike 0-1: Ball 1-1: Swinging Strike 1-2: Strikes out looking
|
Batting: RHB Luis Restrepo
|
0-0: Ball 1-0: Called Strike 1-1: Ball 2-1: Ball Wild Pitch! Hieronim Rutkowski to third 3-1: Swinging Strike 3-2: Ground out U3 (Groundball, 3L, EV 84.4 MPH)
|
Top of the 7th over - 0 runs, 1 hit, 1 error, 1 left on base; Mississippi 5 - Springfield 2 |
BOTTOM OF THE 7TH |
Springfield Cardinals batting - Pitching for Mississippi Braves : LHP Steve Young
|
Pitching: RHP Kevin Zika
|
|
Now at 1B: Hieronim Rutkowski
|
|
Now at 2B: Zheng-ze King
|
|
Now at 3B: Adrian Billups
|
|
Now at SS: Ingidayehu Lagat
|
|
Batting: RHB Joe LaDue
|
0-0: Ground out 6-3 (Groundball, 6MD, EV 92.5 MPH)
|
Batting: RHB Dan Boykins
|
0-0: Called Strike 0-1: Called Strike 0-2: Ball 1-2: Ball 2-2: Foul Ball, location: 2F 2-2: SINGLE (Groundball, 34D, EV 98.8 MPH)
|
Pitching: RHP Nate Bixler
|
|
Batting: LHB Ronnie Ashley
|
0-0: Called Strike 0-1: Ball 1-1: Fly out, F7 (Flyball, 7S, EV 91.2 MPH)
|
Batting: LHB Dana McDonald
|
0-0: Swinging Strike 0-1: Foul Ball, location: 2F 0-2: Ball 1-2: Foul Ball, location: 2F 1-2: Strikes out swinging
|
Bottom of the 7th over - 0 runs, 1 hit, 0 errors, 1 left on base; Mississippi 5 - Springfield 2 |
TOP OF THE 8TH |
Mississippi Braves batting - Pitching for Springfield Cardinals : LHP Dan Poirier
|
Batting: RHB Zheng-ze King
|
0-0: Ball 1-0: Fly out, F9 (Flyball, 9S, EV 88.1 MPH)
|
Batting: LHB Art D'Ascenzo
|
0-0: SINGLE (Flyball, 56D, EV 91.9 MPH)
|
Batting: RHB Tim Molchan
|
0-0: Ball 1-0: Foul Ball, location: 2F 1-1: Foul Ball, location: 2F 1-2: Strikes out swinging
|
Batting: LHB Sal Fernandez
|
0-0: Called Strike 0-1: Called Strike 0-2: Ball 1-2: Strikes out looking
|
Top of the 8th over - 0 runs, 1 hit, 0 errors, 1 left on base; Mississippi 5 - Springfield 2 |
BOTTOM OF THE 8TH |
Springfield Cardinals batting - Pitching for Mississippi Braves : RHP Nate Bixler
|
Batting: RHB Tyler Walker
|
0-0: Ball 1-0: SOLO HOME RUN (Flyball, 9LD, EV 98.1 MPH), Distance : 387 ft
|
Batting: RHB Tommy Boudreaux
|
0-0: Ground out 6-3 (Groundball, 6, EV 88.1 MPH)
|
Pinch Hitting: LHB Tsutomu Miyahara
|
0-0: Swinging Strike 0-1: Ball 1-1: Fly out, F9 (Flyball, 9, EV 94.4 MPH)
|
Batting: RHB Dave Cluster
|
0-0: Ball 1-0: Ball 2-0: Called Strike 2-1: Called Strike 2-2: Foul Ball, location: 2F 2-2: SINGLE (Line Drive, 89S, EV 103.8 MPH)
|
Batting: RHB Immel Kamuzu
|
0-0: Called Strike 0-1: Fielders Choice at 2nd, U6 (Groundball, 6M, EV 90.6 MPH)
|
Bottom of the 8th over - 1 run, 2 hits, 0 errors, 1 left on base; Mississippi 5 - Springfield 3 |
TOP OF THE 9TH |
Mississippi Braves batting - Pitching for Springfield Cardinals : LHP Dan Poirier
|
Now in CF: Tsutomu Miyahara
|
|
Batting: RHB Yojiro Hayashi
|
0-0: Ball 1-0: Ground out 5-3 (Groundball, 56S, EV 85.6 MPH)
|
Batting: RHB Hieronim Rutkowski
|
0-0: Called Strike 0-1: Foul Ball, location: 2F 0-2: Strikes out swinging
|
Batting: RHB Ingidayehu Lagat
|
0-0: Foul Ball, location: 2F 0-1: SINGLE (Groundball, 4MD, EV 95.6 MPH)
|
Batting: RHB Jordan Martin
|
0-0: Ball 1-0: Ball 2-0: Foul Ball, location: 2F 2-1: Ball 3-1: Fly out, F8 (Line Drive, 8LM, EV 93.1 MPH)
|
Top of the 9th over - 0 runs, 1 hit, 0 errors, 1 left on base; Mississippi 5 - Springfield 3 |
BOTTOM OF THE 9TH |
Springfield Cardinals batting - Pitching for Mississippi Braves : RHP Nate Bixler
|
Pitching: RHP Damian Molina
|
|
Batting: RHB Joe LaDue
|
0-0: SINGLE (Line Drive, 8LS, EV 95.0 MPH)
|
Batting: RHB Dan Boykins
|
0-0: Ball 1-0: Ball 2-0: Called Strike 2-1: DOUBLE (Line Drive, 78D, EV 109.4 MPH) Joe LaDue to third
|
Batting: LHB Ronnie Ashley
|
0-0: SINGLE (Groundball, 5D, EV 98.1 MPH) Joe LaDue scores Dan Boykins to third Runner from 3rd tries for Home, SAFE, throw by LF to home
|
Batting: LHB Dana McDonald
|
0-0: Swinging Strike 0-1: Ball 1-1: DOUBLE (Line Drive, 7LS, EV 93.1 MPH) Ronnie Ashley to third
|
Batting: RHB Tyler Walker
|
0-0: Intentional Walk
|
Batting: RHB Tommy Boudreaux
|
0-0: Grounds into fielders choice 4-2 (Groundball, 4S, EV 86.9 MPH) Dana McDonald to third Tyler Walker to second
|
Batting: LHB Tsutomu Miyahara
|
0-0: SINGLE (Groundball, 4, EV 98.1 MPH) Dana McDonald scores
|
Bottom of the 9th over - 3 runs, 5 hits, 0 errors, 2 left on base; Mississippi 5 - Springfield 6 |
|